 Dungeon Crawl Stone Soup version 0.31-a0-810-ga77100ea1a (webtiles) character file.

Game seed: 17355239025980640735

4928 javelincjr the Grappler (level 10, -1/76 HPs)
             Began as a Demonspawn Shapeshifter on Sept 21, 2023.
             Was an Elder of Wu Jian.
             Slain by a two-headed ogre
             ... wielding a +0 giant spiked club
              (13 damage)
             ... on level 8 of the Dungeon.
             The game lasted 00:29:15 (7157 turns).

javelincjr the Grappler (Demonspawn Shapeshifter)   Turns: 7157, Time: 00:29:15

Health: -1/76      AC: 17    Str: 18    XL:     10   Next: 27%
Magic:  10/10      EV: 14    Int: 11    God:    Wu Jian [****..]
Gold:   583        SH: 10    Dex: 14    Spells: 9/9 levels left

rFire   . . .        m - +2 mace (protect)
rCold   . . .        P - +2 buckler
rNeg    . . .        g - +1 chain mail {Will+}
rPois   .            (helmet currently unavailable)
rElec   .            (cloak currently unavailable)
rCorr   +            (gloves currently unavailable)
SInv    .            (boots currently unavailable)
Will    +....        (no amulet) Stlth
                     i - ring of resist corrosion
HPRegen 0.32/turn    L - +5 ring of evasion
MPRegen 0.12/turn

%: no passive effects
@: beast-form
A: beast (slay +3), horns 1, icy blue scales 2, icemail 1, spiny 2, condensation
shield
a: Begin Untransformation, Renounce Religion, Wall Jump, Serpent's Lash


You were on level 8 of the Dungeon.
You worshipped Wu Jian.
Wu Jian was greatly pleased with you.
You were a hulking beast.
You visited 1 branch of the dungeon, and saw 9 of its levels.

You collected 583 gold pieces.

Inventory:

Hand Weapons
 e - a +2 flail of draining
 m - a +2 mace of protection (weapon)
 u - a +1 short sword of electrocution
 F - a +2 vampiric falchion
 H - a +1 hand axe of distortion
 O - a +1 orcbow of electrocution
 R - the +4 trident of Menin {flame, Int+3}
   (You found it on level 8 of the Dungeon)

   Int+3:     It affects your intelligence (+3).
 W - a +5 scimitar
Missiles
 E - 12 boomerangs
 G - 22 poisoned darts
Armour
 a - a +0 animal skin
 f - a +0 chain mail
 g - a +1 chain mail of willpower (worn)
 A - a +0 pair of boots
 N - +0 steam dragon scales
 P - a +2 buckler (worn)
 T - a +2 leather armour of poison resistance
Jewellery
 i - a ring of resist corrosion (left hand)
 I - a ring of fire
 L - a +5 ring of evasion (right hand)
Talismans
 c - a beast talisman (active)
 d - a flux talisman
 v - a blade talisman
 M - a blade talisman
Wands
 s - a wand of iceblast (22)
 y - a wand of quicksilver (8)
 Q - a wand of digging (2)
 X - a wand of mindburst (7)
Scrolls
 h - 4 scrolls of vulnerability
 k - a scroll of brand weapon {unknown}
 l - a scroll of torment {unknown}
 n - 3 scrolls of teleportation
 o - a scroll of blinking
 p - a scroll of immolation {unknown}
 q - a scroll of amnesia {unknown}
 r - a scroll of fear {unknown}
 t - 3 scrolls of poison {unknown}
 w - 6 scrolls of identify {unknown}
 U - a scroll of fog {unknown}
 V - a scroll of enchant armour {unknown}
Potions
 b - 2 potions of lignification
 j - a potion of resistance {unknown}
 x - a potion of mutation {unknown}
 z - 3 potions of degeneration {unknown}
 B - a potion of ambrosia {unknown}
 C - a potion of brilliance {unknown}
 D - a potion of attraction {unknown}
 J - 3 potions of heal wounds
 K - a potion of berserk rage {unknown}
 S - 2 potions of might {unknown}


   Skills:
 + Level 6.0 Fighting
 + Level 5.1 Armour
 + Level 5.6 Dodging
 + Level 2.4 Shields
 * Level 8.1 Unarmed Combat
 - Level 6.4 Shapeshifting


You had 9 spell levels left.
You didn't know any spells.
Your spell library contained the following spells:

 Spells                   Type           Power      Damage    Failure   Level
 Apportation              Tloc           0%         N/A       98%         1
 Poisonous Vapours        Pois/Air       0%         N/A       99%         2
 Mephitic Cloud           Conj/Pois/Air  0%         N/A       100%        3
 Summon Guardian Golem    Hex/Summ       0%         N/A       100%        3
 Freezing Cloud           Conj/Ice/Air   0%         6-21      100%        5
 Orb of Destruction       Conj           0%         9d5       100%        7
 Spellforged Servitor     Conj/Summ      0%         N/A       100%        7


Dungeon Overview and Level Annotations

Branches:
Dungeon (9/15)             Temple (0/1) D:6
   Lair: D:8-11         Orc: D:9-12

Altars:
Cheibriados
Hepliaklqana
Makhleb
Okawaru
Sif Muna
Trog
Wu Jian


Innate Abilities, Weirdness & Mutations

You are a hulking beast.
Your limbs bulge with bestial killing power. (Slay +3)
You have a pair of small horns on your head.
You are mostly covered in icy blue scales. (AC +3)
A meltable icy envelope protects you from harm. (AC +4)
You are mostly covered in sharp spines.
A meltable shield of frost defends you. (SH +4)


Message History

Your weapon exudes an aura of protection.
You headbutt the yak.
You kill the yak!
The Council accepts your kill.
The two-headed ogre attacks as it pursues you!
The two-headed ogre barely misses you.
The two-headed ogre hits you with a +0 giant club!
You barely miss the two-headed ogre.
The two-headed ogre is lightly wounded.
The two-headed ogre is struck by your spines.
The two-headed ogre misses you.
The two-headed ogre hits you but does no damage.
You sock the two-headed ogre!
The two-headed ogre is moderately wounded.
You block the two-headed ogre's attack.
The two-headed ogre hits you with a +0 giant club.
You sock the two-headed ogre!
The two-headed ogre is moderately wounded.
You hit the two-headed ogre but do no damage.
Your headbutt misses the two-headed ogre.
The two-headed ogre is moderately wounded.
You block the two-headed ogre's attack.
The two-headed ogre hits you with a +0 giant club!
* * * LOW HITPOINT WARNING * * *
You feel much better.
The two-headed ogre is struck by your spines.
The two-headed ogre hits you with a +0 giant spiked club.
You block the two-headed ogre's attack.
You barely miss the two-headed ogre.
The two-headed ogre is heavily wounded.
You block the two-headed ogre's attack.
The two-headed ogre hits you with a +0 giant club!
* * * LOW HITPOINT WARNING * * *
You barely miss the two-headed ogre.
The two-headed ogre is heavily wounded.
The two-headed ogre is struck by your spines.
The two-headed ogre hits you with a +0 giant spiked club!
* * * LOW HITPOINT WARNING * * *
The two-headed ogre hits you with a +0 giant club!
You die...

######### ##### ........# #...# #
........## #...# # .......†>##
#...############ ....Y.....####
##............<.
####.####....######.......#######
#.....Y.................<.# #
##########..#####.........#####
#### ##.YOh...........##...
#..############..............
##......................#.###
#..############.............
##..# #...........)# ##.#
##.....##.##.# #.## #....##...#))
#..# ######.##.#....[.. ##.#
##.................


You could see a two-headed ogre and a yak.

Vanquished Creatures
  A manticore (D:8)
  3 yaks (D:8)
  A steam dragon (D:7)
  Edmund (D:4)
  Menkaure (D:4)
  2 water moccasins
  A black bear (D:5)
  4 orc warriors
  2 ice beasts
  2 sky beasts (D:8)
  4 ogres
  3 centaurs
  The ghost of Newt the Shooter, an amateur KoHu (D:4)
  A bullfrog (D:6)
  3 scorpions
  5 wights (D:8)
  10 killer bees
  A howler monkey (D:5)
  5 hounds
  A gnoll bouda (D:7)
  6 orc priests
  6 iguanas
  3 sleepcaps
  7 orc wizards
  8 gnolls
  9 adders
  2 shadow imps
  2 white imps
  4 ufetubi
  A worm (D:4)
  4 dart slugs
  21 orcs
  7 ball pythons
  9 bats
  11 endoplasms
  2 giant cockroaches
  3 hobgoblins
  14 jackals
  7 kobolds
  5 quokkas
  5 frilled lizards (D:2)
  5 goblins
  6 rats
199 creatures vanquished.

Notes
Turn   | Place    | Note
-------+----------+-------------------------------------------
     0 | D:1      | javelincjr the Demonspawn Shapeshifter began the quest for
                  | the Orb.
     0 | D:1      | Reached XP level 1. HP: 15/15 MP: 1/1
   120 | D:1      | Gained mutation: A meltable shield of frost defends you.
                  | (SH +4) [demonic ancestry]
   120 | D:1      | Reached XP level 2. HP: 7/21 MP: 2/2
   482 | D:1      | Reached skill level 3 in Unarmed Combat
   820 | D:2      | Gained mutation: You are partially covered in sharp spines.
                  | [demonic ancestry]
   820 | D:2      | Reached XP level 3. HP: 26/26 MP: 3/3
  1564 | D:3      | Gained mutation: You are mostly covered in sharp spines.
                  | [demonic ancestry]
  1564 | D:3      | Reached XP level 4. HP: 30/33 MP: 4/4
  1668 | D:3      | Reached skill level 1 in Armour
  1945 | D:3      | Gained mutation: A meltable icy envelope protects you from
                  | harm. (AC +4) [demonic ancestry]
  1945 | D:3      | Reached XP level 5. HP: 38/38 MP: 5/5
  2041 | D:3      | Found a bloodstained altar of Trog.
  2052 | D:3      | Got a leatherbound book
  2110 | D:3      | Found a faded altar of an unknown god.
  2133 | D:3      | Prayed at the altar of an unknown god.
  2133 | D:3      | Became a worshipper of the Wu Jian Council
  2133 | D:3      | Reached * piety under Wu Jian
  2551 | D:4      | Found a runed translucent gate.
  2551 | D:4      | Found a runed translucent gate.
  2553 | D:4      | Noticed Newt's ghost (amateur KoHu)
  2582 | D:4      | Noticed Edmund
  2589 | D:4      | HP: 1/33 [Edmund/+2 flail of draining (3)]
  2597 | D:4      | Killed Edmund
  2598 | D:4      | Reached skill level 4 in Unarmed Combat
  2598 | D:4      | Gained mutation: You have a pair of small horns on your
                  | head. [demonic ancestry]
  2598 | D:4      | Reached XP level 6. HP: 30/46 MP: 6/6
  2662 | D:4      | Found a runed translucent gate.
  2853 | D:4      | Found an iron altar of Okawaru.
  2972 | D:4      | Found a snail-covered altar of Cheibriados.
  3026 | D:4      | Noticed Menkaure
  3039 | D:4      | Killed Menkaure
  3074 | D:4      | Reached ** piety under Wu Jian
  3075 | D:4      | Gained mutation: You are partially covered in icy blue
                  | scales. (AC +2) [demonic ancestry]
  3075 | D:4      | Reached XP level 7. HP: 52/52 MP: 7/7
  3268 | D:4      | Killed Newt's ghost
  3306 | D:5      | Entered Level 5 of the Dungeon
  3396 | D:5      | Reached skill level 5 in Unarmed Combat
  3513 | D:5      | Found a hazy altar of Hepliaklqana.
  3586 | D:5      | Reached XP level 8. HP: 43/59 MP: 8/8
  3658 | D:5      | Reached skill level 5 in Shapeshifting
  4367 | D:6      | Found a staircase to the Ecumenical Temple.
  4417 | D:6      | Reached skill level 6 in Unarmed Combat
  5033 | D:7      | Gained mutation: You are mostly covered in icy blue scales.
                  | (AC +3) [demonic ancestry]
  5033 | D:7      | Reached XP level 9. HP: 49/66 MP: 9/9
  5295 | D:7      | Reached *** piety under Wu Jian
  5687 | D:7      | Reached skill level 5 in Fighting
  5938 | D:8      | Reached skill level 7 in Unarmed Combat
  6039 | D:8      | Found a shimmering blue altar of Sif Muna.
  6052 | D:8      | Identified the +4 trident of Menin {flame, Int+3}
  6152 | D:8      | Reached skill level 5 in Dodging
  6157 | D:8      | Reached skill level 1 in Shields
  6285 | D:8      | Noticed a manticore
  6310 | D:8      | Killed a manticore
  6311 | D:8      | Reached XP level 10. HP: 61/76 MP: 10/10
  6325 | D:8      | Reached **** piety under Wu Jian
  6701 | D:8      | Found a burning altar of Makhleb.
  6766 | D:8      | Reached skill level 5 in Armour
  6930 | D:9      | Noticed a two-headed ogre
  7116 | D:8      | Reached skill level 8 in Unarmed Combat
  7157 | D:8      | Slain by a two-headed ogre

Illustrated notes

Levels and vault maps discovered:
D:1:      dpeg_arrival_arbitrary_a, layout_basic, minmay_octomino_c4
D:2:      layout_loops_corners, minmay_lizard_pond
D:3:      layout_loops_ring, trog_book, dreamdust_ecumenical_altar_statues
D:4:      layout_basic, mainiacjoe_overflow_cross_hatched,
          mainiacjoe_overflow_boulevard, gammafunk_ghost_split, uniq_edmund,
          uniq_menkaure
D:5:      layout_gridville, kennysheep_little_box, feat_on_display
D:6:      layout_loops_ring, minmay_temple_entry_crystal_x, corner_web_ring,
          minmay_fractal_squares_5
D:7:      layout_basic
D:8:      layout_rooms, overflow_temple_1_default, lightli_temple_of_fire
D:9:      layout_long_grid, nrook_campfire

Skill      XL: |  1  2  3  4  5  6  7  8  9 10 |
---------------+-------------------------------+-----
Dodging        | 2 3 4 5 |  5.6
Unarmed Combat | 3 4 5 6 7 8 |  8.1
Shapeshifting  | 3 4 5 6 |  6.4
Fighting       | 2 3 4 5 6 |  6.0
Armour         | 1 2 3 4 5 |  5.1
Shields        | 1 2 |  2.4

Action                     |  1- 3 |  4- 6 |  7- 9 | 10-12 || total
---------------------------+-------+-------+-------+-------++-------
  Melee: Unarmed           |    67 |       |       |       ||    67
         Punch             |     2 |     2 |     3 |       ||     7
         Mace              |    37 |    73 |   214 |    68 ||   392
         Headbutt          |       |     5 |    49 |    10 ||    64
Ability: Whirlwind         |       |     7 |    83 |    36 ||   126
         Lunge             |       |     2 |     9 |     2 ||    13
         Wall Jump         |       |       |     2 |     1 ||     3
    Use: Potion            |       |     2 |       |     1 ||     3
         Scroll            |       |     1 |     2 |     1 ||     4
 Armour: Chain mail        |    78 |    45 |   187 |    47 ||   357
         Animal skin       |     8 |       |       |       ||     8
  Dodge: Dodged            |    58 |    23 |   121 |    35 ||   237
  Block: Other             |    15 |    13 |    26 |       ||    54
         Buckler           |       |       |    28 |    61 ||    89

Table legend: (Time is in decaauts)
 A = Elapsed time spent in this place.
 B = Non-inter-level travel time spent in this place.
 C = Inter-level travel time spent in this place.
 D = Time resting spent in this place.
 E = Time spent auto-exploring this place.
 F = Levels seen in this place.
 G = Mean time per level.
                   A        B        C        D        E       F      G
               +--------+--------+--------+--------+--------+-----+--------+
         Total |   7254 |   7084 |    170 |    302 |   5485 |   9 |  806.0 |
       Dungeon |   7254 |   7084 |    170 |    302 |   5485 |   9 |  806.0 |
               +--------+--------+--------+--------+--------+-----+--------+

Top non-repeatable levels by time:
     D:7: 1090 daAuts
     D:8: 1071 daAuts
     D:3: 927 daAuts
     D:4: 853 daAuts
     D:5: 815 daAuts
     D:1: 805 daAuts
     D:2: 758 daAuts
     D:6: 743 daAuts
     D:9: 188 daAuts
